 Dungeon Sprint DCSS version 0.20-a0-640-g62ed22f (webtiles) character file.

24 esc the Skirmisher (level 6, -8/36 HPs)
             Began as a Vine Stalker Fighter on Feb 12, 2017.
             Was a Priest of Makhleb.
             Killed from afar by a kamikaze kobold (18 damage)
             ... with an exploding inner flame
             ... in the Dungeon (Sprint VI: "Thunderdome").
             The game lasted 00:04:07 (388 turns).

esc the Skirmisher (Vine Stalker Fighter)            Turns: 388, Time: 00:04:08

Health: -8/36      AC:  7    Str: 25    XL:     6   Next: 68%
Magic:  0/10       EV: 11    Int: 10    God:    Makhleb [***...]
Gold:   105        SH: 11    Dex: 17    Spells: 5/5 levels left

rFire    . . .     SeeInvis .   a - +0 rapier
rCold    + . .     Gourm    +   b - +0 scale mail
rNeg     . . .     Faith    .   c - +0 shield
rPois    +         Spirit   +   (no helmet)
rElec    .         Reflect  .   (no cloak)
rCorr    .         Harm     .   (no gloves)
MR       +....     NoTele   +   (no boots)
Stlth    ..........             r - amulet "Kuxtim" {Gourm rPois rF+ MR+}
Regen    0.6/turn               p - ring of Sysai {Ice +Fly Dex+3}
MPRegen  0.2/turn               q - ring of Meozee {-Tele +Fly Str+5 Int+2 Stlth-}

@: no status effects
A: fangs 2, regeneration 1, magic shield, antimagic bite, no potion heal 3, rot
immunity
a: Minor Destruction, Lesser Servant of Makhleb, Renounce Religion, Evoke Flight


You were in the Dungeon.
You worshipped Makhleb.
Makhleb was most pleased with you.
You were full.

You visited 1 branch You collected 240 gold pieces.
You spent 135 gold pieces at shops.

Inventory:

Hand Weapons
 a - a +0 rapier (weapon)
Armour
 b - a +0 scale mail (worn)
 c - a +0 shield (worn)
Jewellery
 p - the ring of Sysai (right hand) {Ice +Fly Dex+3}
   (You bought it in a shop in the Dungeon)

   [ring of ice]

   It enhances your ice magic.
   It affects your dexterity (+3).
   It makes you vulnerable to fire.
   It protects you from cold.
   It lets you fly.
 q - the ring of Meozee (left hand) {-Tele +Fly Str+5 Int+2 Stlth-}
   (You bought it in a shop in the Dungeon)

   [ring of loudness]

   It affects your strength (+5).
   It affects your intelligence (+2).
   It lets you fly.
   It prevents most forms of teleportation.
   It makes you less stealthy.
 r - the amulet "Kuxtim" (around neck) {Gourm rPois rF+ MR+}
   (You bought it in a shop in the Dungeon)

   [amulet of the gourmand]

   It allows you to eat raw meat even when not hungry.
   It protects you from fire.
   It protects you from poison.
   It affects your resistance to hostile enchantments.
Wands
 l - a wand of acid (5/15)
   (You found it in the Dungeon)
 m - a wand of iceblast (3/15)
   (You found it in the Dungeon)
Scrolls
 k - 4 scrolls of blinking {!r}
 n - 3 scrolls of fog
Potions
 d - a potion of might
 e - a potion of curing
 g - 4 potions of heal wounds
 h - 4 potions of haste
 i - 2 potions of magic
 j - a potion of berserk rage {!q}
 o - a potion of resistance
Comestibles
 f - a bread ration {@e1}


   Skills:
 + Level 6.0 Fighting
 + Level 5.5 Short Blades
 + Level 5.5 Armour
 + Level 4.0 Dodging
 + Level 5.9 Shields
 + Level 4.8 Invocations


You had 5 spell levels left.
You didn't know any spells.

Dungeon Overview and Level Annotations

Branches:
Dungeon (1/1)

Altars:
Cheibriados
Dithmenos
Fedhas
Gozag
Kikubaaqudgha
Makhleb
Okawaru
Qazlal
Ru
Sif Muna
Trog
Uskayaw
Vehumet
Xom
Yredelemnul
Zin
The Shining One
Beogh
Jiyva
Lugonu

Shops:
D *[%??*?*:[((!!!!


Innate Abilities, Weirdness & Mutations

You have extremely sharp teeth.
Your natural rate of healing is unusually fast.
When hurt, damage is shared between your health and your magic reserves.
Your bite disrupts and absorbs the magic of your enemies.
Potions cannot restore your health.
You are immune to rotting.


Message History

Makhleb accepts your kill.
Your Fighting skill increases to level 6!
Your Dodging skill increases to level 4!
No target in view!
Okay, then.
Done exploring. 15... 10...
A hound comes into view. 5...
The hound barks! 4...
You closely miss the hound. Your bite misses the hound. 3...
You block the hound's attack.
You barely miss the hound. You bite the hound, but do no damage.
You block the hound's attack.
You puncture the hound! 2... You block the hound's attack.
The hound barely misses you.
You hit the hound. Your bite misses the hound. 1... The hound misses you.
Your shield and scale mail prevent you from hitting the hound.
Your bite misses the hound.
Time's up!
The arena falls silent.
You lost your score multiplier.
You now have 24 arena points (gained 12).
You now have 105 gold pieces (gained 20).
Done exploring.
Things that are here:
a chain mail; a mace You start waiting.
Get ready!
Unknown command.
You start waiting.
ROUND 3!
FIGHT!
LIGHTNING ROUND! 2 kobolds come into view.
The kamikaze kobold shouts! x2
A kamikaze kobold comes into view.
The kamikaze kobold shouts!
The kamikaze kobold throws a stone.
You block the stone.
You see here a stone.
The kamikaze kobold throws a stone.
The stone barely misses you.
The kamikaze kobold hits you but does no damage.
You hit the kamikaze kobold. Your bite misses the kamikaze kobold.
The kamikaze kobold throws a stone.
The stone hits you but does no damage.
The kamikaze kobold hits you but does no damage.
A kamikaze kobold comes into view. It is wielding a dagger.
You barely miss the kamikaze kobold.
The kamikaze kobold shouts!
Your bite misses the kamikaze kobold. You block the kamikaze kobold's attack.
A kamikaze kobold comes into view. It is wielding a dagger.
The kamikaze kobold shouts!
You puncture the kamikaze kobold!
The kamikaze kobold explodes!
The fiery explosion engulfs you!
Ouch! That really hurt!
Makhleb accepts your kill.
You can now summon a lesser servant of Makhleb.
You are engulfed in blazing flames.
* * * LOW HITPOINT WARNING * * *
You take 31 damage, and have 5/36 hp.
MASSIVE DAMAGE!!
You now have 2/10 mp.
Unknown command.
Unknown command.
Aim: a kamikaze kobold (inner flame)
The mass of ice explodes!
The iceblast engulfs the kamikaze kobold.
The kamikaze kobold explodes!
The fiery explosion engulfs the kamikaze kobold.
The kamikaze kobold explodes!
Makhleb accepts your kill.
This wand has 3 charges left.
The kamikaze kobold throws a stone.
You block the stone.
Huh?
You don't have any such object.
Okay, then.
Unknown command.
Okay, then.
Okay, then. 50...
There is a staircase leading out of the dungeon here.
A kamikaze kobold comes into view. It is wielding a short sword.
A demon appears!
The kamikaze kobold barely misses you.
You take 4 damage, and have 8/36 hp.
The kamikaze kobold hits your orange demon but does no damage.
Your orange demon barely misses the kamikaze kobold. x2
The kamikaze kobold throws a stone.
The stone hits you but does no damage.
Your orange demon stings the kamikaze kobold.
Your orange demon hits the kamikaze kobold!
The kamikaze kobold explodes!
The fiery explosion engulfs your orange demon.
The fiery explosion engulfs the kamikaze kobold.
The kamikaze kobold explodes!
The fiery explosion engulfs you!
Ouch! That really hurt!
You die...

∩........8.# #.8........∩###
...........###.............##
..§§§...###...###..........⌠#
..§§§.(.# #.<.# #..........⌠#
.§§§§§..###..K###..........⌠#
.§§§..§....###.§§§.........##
∩...§§§..8.# #.8§4......∩###
#∩.__......###.§§§..___∩##
######.8.......§@8.######
#⌠...........⌠#
###.........### #_......._#
#........_# #_......._#
#∩.......∩# ##∩.....∩##
##.....##


You could see a kamikaze kobold (inner flame) and a friendly orange demon.

Vanquished Creatures
  Sigmund (D)
  An ice beast (D)
  A crimson imp (D)
  A worker ant (D)
  An iguana (D)
  Terence (D)
  An adder (D)
  An ooze (D)
  An adder zombie (D)
  A worm (D)
  2 kobolds (D)
12 creatures vanquished.

Vanquished Creatures (others)
  A kobold (D)
1 creature vanquished.

Grand Total: 13 creatures vanquished

Notes
Turn   | Place    | Note
-------+----------+-------------------------------------------
     0 | D        | esc the Vine Stalker Fighter began the quest for the Orb.
     0 | D        | Reached XP level 1. HP: 11/11 MP: 2/2
     1 | D        | Found a sacrificial altar of Ru.
     1 | D        | Found a viscous altar of Jiyva.
     2 | D        | Found a radiant altar of Vehumet.
     2 | D        | Found a shimmering altar of Xom.
     3 | D        | Found a blossoming altar of Fedhas.
     4 | D        | Found Zyub's Bee Food.
     4 | D        | Found a bloodstained altar of Trog.
     4 | D        | Found a snail-covered altar of Cheibriados.
     4 | D        | Found Riehirphu's Identification Station.
     5 | D        | Found Buwk's Jewellery.
     5 | D        | Found Epreaz's Advanced Armour.
     5 | D        | Round 1.
    13 | D        | Bought a wavering bone ring for 45 gold pieces
    13 | D        | Bought a smoking golden ring for 45 gold pieces
    13 | D        | Bought a faintly glowing bone amulet for 45 gold pieces
    13 | D        | Identified the amulet "Kuxtim" {Gourm rPois rF+ MR+} (You bought it in a shop in the Dungeon)
    14 | D        | Identified the ring of Meozee {-Tele +Fly Str+5 Int+2 Stlth-} (You bought it in a shop in the Dungeon)
    15 | D        | Identified the ring of Sysai {Ice +Fly Dex+3} (You bought it in a shop in the Dungeon)
    18 | D        | Noticed an iguana
    19 | D        | Found an ancient bone altar of Kikubaaqudgha.
    24 | D        | Killed an iguana
    24 | D        | Reached skill level 3 in Fighting
    24 | D        | Reached skill level 3 in Short Blades
    24 | D        | Reached skill level 3 in Armour
    24 | D        | Reached skill level 3 in Shields
    24 | D        | Reached XP level 2. HP: 17/17 MP: 3/3
    24 | D        | Reached XP level 3. HP: 21/21 MP: 4/4
    41 | D        | Found Nounesk's Magic Scroll Shop.
    41 | D        | Found Igast's Magic Scroll Shop.
    42 | D        | Found Awuarato's Must-Have Magic.
    47 | D        | Found Mienwatt's Staff Store.
    47 | D        | Found a hide-covered altar of Uskayaw.
    47 | D        | Found an opulent altar of Gozag.
    47 | D        | Found an iron altar of Okawaru.
    58 | D        | Found a burning altar of Makhleb.
    59 | D        | Found a stormy altar of Qazlal.
    60 | D        | Found Aguh's Distillery.
    61 | D        | Found Zoenneg's Distillery.
    61 | D        | Found Quqofyshai's Bottled Wisdom.
    66 | D        | Became a worshipper of Makhleb the Destroyer
    69 | D        | Found Iteadec's Do-It-Yourself Clinic.
    69 | D        | Found a corrupted altar of Lugonu.
    69 | D        | Found a deep blue altar of Sif Muna.
    69 | D        | Found a glowing silver altar of Zin.
    78 | D        | Found a basalt altar of Yredelemnul.
    82 | D        | Found a roughly hewn altar of Beogh.
    82 | D        | Found a shadowy altar of Dithmenos.
    82 | D        | Found Vinues Rouh's Weapon Rack.
    82 | D        | Found Zoluruis's Basic Armour.
    83 | D        | Found Nunwe's Miscellaneous Merchandise.
    88 | D        | Found Ywkiddus's Premium Goods.
    88 | D        | Found a glowing golden altar of the Shining One.
    97 | D        | Reached skill level 4 in Fighting
    97 | D        | Reached skill level 1 in Dodging
    97 | D        | Reached skill level 1 in Invocations
   108 | D        | Reached skill level 4 in Shields
   108 | D        | Gained mutation: Your natural rate of healing is unusually fast. [Vine Stalker growth]
   108 | D        | Reached XP level 4. HP: 23/25 MP: 3/6
   125 | D        | Reached * piety under Makhleb
   129 | D        | Noticed Sigmund
   143 | D        | Killed Sigmund
   143 | D        | Arena points: 12 (+12) [x2]
   143 | D        | Reached skill level 5 in Fighting
   143 | D        | Reached skill level 4 in Short Blades
   143 | D        | Reached skill level 4 in Armour
   143 | D        | Reached skill level 3 in Dodging
   143 | D        | Reached skill level 5 in Shields
   143 | D        | Reached skill level 3 in Invocations
   143 | D        | Reached XP level 5. HP: 12/30 MP: 3/8
   177 | D        | Round 2.
   184 | D        | Noticed Terence
   193 | D        | Killed Terence
   193 | D        | Reached skill level 5 in Armour
   193 | D        | Reached skill level 4 in Invocations
   193 | D        | Reached XP level 6. HP: 35/35 MP: 8/10
   226 | D        | Reached ** piety under Makhleb
   297 | D        | Noticed an ice beast
   306 | D        | Killed an ice beast
   306 | D        | Reached skill level 5 in Short Blades
   330 | D        | Reached skill level 6 in Fighting
   330 | D        | Reached skill level 4 in Dodging
   348 | D        | Arena points: 24 (+12) [x1]
   363 | D        | Round 3.
   371 | D        | Reached *** piety under Makhleb
   371 | D        | HP: 4/36 [something (9)]
   388 | D        | Killed from afar by a kamikaze kobold

Vault maps used:
D:        arena_sprint

Skill      XL: |  1  2  3  4  5  6 |
---------------+-------------------+-----
Fighting       | 3 4 5 6 |  6.0
Short Blades   | 3 4 5 |  5.5
Armour         | 3 4 5 |  5.5
Shields        | 3 4 5 |  5.9
Dodging        | 1 3 4 |  4.0
Invocations    | 1 3 4 |  4.8

Action                   |  1- 3 |  4- 6 || total
-------------------------+-------+-------++-------
Melee: Rapier            |    15 |    50 ||    65
       Bite              |     4 |    18 ||    22
Invok: Lesser Servant of |       |     1 ||     1
Evoke: Wand              |     1 |     1 ||     2
  Eat: Chunk             |       |     9 ||     9
Armor: Scale mail        |     2 |     6 ||     8
Dodge: Dodged            |     4 |    14 ||    18
Block: Shield            |     7 |    18 ||    25

Vault maps used:
D:        arena_sprint

Table legend:
 A = Turns spent in this place as a percentage of turns spent in the entire game.
 B = Non-inter-level travel turns spent in this place as a percentage of non-inter-level travel turns spent in the entire game.
 C = Inter-level travel turns spent in this place as a percentage of turns spent in this place.
 D = Turns resting spent in this place as a percentage of non-inter-level travel turns spent in this place.
 E = Turns spent auto-exploring this place as a percentage of non-inter-level travel turns spent in this place.
 F = Non-inter-level travel turns spent in this place divided by the number of levels of this place that you've seen.
                   A       B       C       D       E      F
               +-------+-------+-------+-------+-------+----------------------
         Total | 100.0 | 100.0 |   0.0 |   4.6 |  11.3 | 282.0
       Dungeon | 100.0 | 100.0 |   0.0 |   4.6 |  11.3 | 282.0
               +-------+-------+-------+-------+-------+----------------------

Table legend:
 A = Kills in this place as a percentage of kills in entire the game.
 B = Kills by you in this place as a percentage of kills by you in the entire game.
 C = Kills by friends in this place as a percentage of kills by friends in the entire game.
 D = Other kills in this place as a percentage of other kills in the entire game.
 E = Experience gained in this place as a percentage of experience gained in the entire game.
 F = Experience gained in this place divided by the number of levels of this place that you have seen.
                   A       B       C       D       E      F
               +-------+-------+-------+-------+-------+----------------------
         Total | 100.0 | 100.0 |  -nan |  -nan | 100.0 | 523.0
       Dungeon | 100.0 | 100.0 |  -nan |  -nan | 100.0 | 523.0
               +-------+-------+-------+-------+-------+----------------------
